AoeStats
← zephyrutia

Pilgrims

507776136Analyzed
2v2 RM · 13d ago on Sep 19, 2026· 58m 30s· 4 players
Game mode
Random Map
Map size
Medium (4 player)
Population
200
Speed
Normal
Resources
Standard
Victory
Conquest
Starting age
Dark Age
Ending age
Imperial Age
RankedLock teamsTeams togetherTeam positionsShared explorationLock speedFull tech treeHidden civsTurbo modeCheats
Victory
Defeat
🇺🇸 Maya · United States
819
+21
🇳🇵 Bulgarians · Nepal
812
+41
🇨🇦 Franks · Canada
888
-19
🇨🇦 Gurjaras · Canada
768
-14
zephyrutia
9:48 Loom
12:07 Feudal Age
18:09 Castle Age
16:42 Double-Bit Axe
18:25 Fletching
19:25 Padded Archer Armor
24:12 Wheelbarrow
24:26 Crossbowman
25:27 Bodkin Arrow
32:16 Town Watch
33:14 Eagle Warrior
36:31 Leather Archer Armor
40:14 Imperial Age
39:43 Scale Mail Armor
39:55 Forging
40:42 Elite Eagle Warrior
41:25 Squires
41:42 Chain Mail Armor
43:52 Plate Mail Armor
48:08 Iron Casting
48:15 Arson
51:10 Elite Skirmisher
55:44 Pikeman
Magikarp
3:46 Loom
11:29 Feudal Age
14:29 Forging
14:20 Scale Mail Armor
15:10 Town Watch
21:21 Castle Age
20:30 Fishing Lines
25:25 Gold Mining
27:05 Husbandry
32:47 Iron Casting
32:20 Scale Barding Armor
34:29 Chain Barding Armor
34:26 Chain Mail Armor
34:46 Stirrups
48:49 Imperial Age
49:21 Imperial Age
49:29 Cavalier
54:15 Blast Furnace
54:14 Plate Barding Armor
DingleDwarf69
12:15 Feudal Age
13:10 Double-Bit Axe
18:06 Gold Mining
18:10 Stone Mining
20:35 Castle Age
19:43 Forging
23:48 Iron Casting
23:14 Scale Mail Armor
23:45 Squires
23:30 Arson
26:32 Scale Barding Armor
27:19 Husbandry
29:12 #83
31:21 Wheelbarrow
30:34 Town Watch
39:04 Imperial Age
37:44 Chain Mail Armor
39:47 Loom
40:17 Hand Cart
40:06 Town Patrol
40:48 Elite Throwing Axeman
41:41 Cavalier
42:58 Plate Mail Armor
45:14 Blast Furnace
47:26 Caravan
47:21 Light Cavalry
50:14 Elite Throwing Axeman
52:09 Chain Barding Armor
53:31 Plate Barding Armor
WarSong
12:24 Feudal Age
12:50 Double-Bit Axe
13:34 Horse Collar
20:29 Castle Age
18:48 Scale Mail Armor
19:53 Wheelbarrow
19:05 Loom
19:52 Gold Mining
19:56 Stone Mining
19:58 Gold Mining
21:47 Chain Mail Armor
21:46 Forging
24:43 Bow Saw
30:59 Masonry
30:47 Murder Holes
32:38 Iron Casting
32:19 Chain Mail Armor
32:45 Heavy Plow
45:52 Kshatriyas
50:11 Imperial Age
47:52 Arson
57:13 Elite Shrivamsha Rider
57:56 Husbandry
58:07 Bloodlines
57:38 Light Cavalry
Connection lost

Rejoining the realm…

Still unreachable

The connection could not be restored.

Session expired

The server has moved on; the page needs a fresh start.